[Event "*** Titled Tuesday Blitz"]
[Site "Chess.com"]
[Date "2019.05.07"]
[Round "8"]
[White "NateSolon"]
[Black "NeverEverForever1990"]
[Result "1/2-1/2"]
[WhiteElo "2494"]
[BlackElo "2438"]
[TimeControl "180+2"]
[EndTime "14:55:07 PDT"]
[Termination "Game drawn by repetition"]

1. d4 Nf6 2. Bf4 b6 3. Nf3 Bb7 4. e3 g6 5. h3 Bg7 6. Be2 O-O 7. O-O d6 8. Nbd2 Nbd7 9. a4 a6 10. Bh2 Ne4 11. Nxe4 Bxe4 12. Nd2 Bb7 13. Bf3 Qb8 14. a5 b5 15. c4 b4 16. Qa4 Rd8 17. Bc6 Bxc6 18.
Qxc6 e5 19. Nf3 Qa7 20. Rad1 exd4 21. exd4 Rab8 22. Rfe1 Qa8 23. Qxa8 Rxa8 24. b3 Re8 25. Bf4 Kf8 26. Bd2 Rab8 27. Rxe8+ Kxe8 28. Re1+ Kf8 29. Kf1 h6 30. Ke2 Re8+ 31. Kd3 Rxe1 32. Bxe1 c5 33.
d5 Ne5+ 34. Nxe5 Bxe5 35. Bd2 h5 36. Bg5 Ke8 37. Ke4 Kd7 38. g4 hxg4 39. hxg4 Bg7 40.
f4 f6 41. Bh4 Ke7 42. f5 g5 43.
Bg3 Kd7 44. Bh2 Bf8 45. Bg3 Be7 46. Kd3 Bd8 47. Kc2 Bxa5 48. Kd3 Bd8 49. Kc2 Be7 50. Kd3 Kc8 51. Kc2 Kb7 52. Bh2 Kb6 53. Bg3 a5 54. Bh2 Ka6 55. Bg3 Kb7 56. Bh2 Kc8 57. Bg3 Kd7 58.
Bh2 Ke8 59. Bg3 Kf7 60. Bh2 Kg8 61. Bg3 Kh7 62. Bh2 Kg7 63. Bg3 Kf7 64. Bh2 Ke8 65. Bg3 Bf8 66. Bh2 Be7 67. Bg3 Kd7 68. Bh2 Kd8 69. Bg3 Kc7 70. Bh2 Bd8 71. Bg3 Be7 72. Bh2 Kb7 73. Bg3 Kb8 74. Bh2 Ka8 75.
Bg3 Kb7 76. Bh2 Kb6 77. Bg3 Ka6 78. Bh2 Kb6 79. Bg3 Kb7 80. Bh2 Kc7 81. Bg3 Kd8 82.
Bh2 Kc8 83. Bg3 Kb7 84. Bh2 Ka6 85. Bg3 Kb6 86. Bh2 Kc7 87. Bg3 Kd7 88. Bh2 Bd8 89.
Bg3 Bb6 90. Bh2 Ke7 91. Bg3 Kd7 92. Bh2 Ke7 93. Bg3 Kd7 94. Bh2 1/2-1/2

[Event "*** Titled Tuesday Blitz"]
[Site "Chess.com"]
[Date "2019.05.07"]
[Round "8"]
[White "GrigorGrigorov"]
[Black "mitrabhaa"]
[Result "0-1"]
[WhiteElo "2817"]
[BlackElo "2684"]
[TimeControl "180+2"]
[EndTime "14:55:37 PDT"]
[Termination "mitrabhaa won by resignation"]

1. d4 Nf6 2. c4 e6 3. Nf3 b6 4.
g3 Ba6 5. b3 Bb7 6. Bg2 Bb4+ 7.
Bd2 a5 8. O-O O-O 9. Bf4 Be7 10.
Qc2 Be4 11. Qc1 d6 12. Nc3 Bb7 13. Qc2 Nbd7 14. e4 Nh5 15. Be3 c6 16. Rad1 Re8 17.
Ne1 Bf8 18. Nd3 g6 19. f4 Ng7 20. Qf2 Qc7 21. Rc1 Ba6 22. Kh1 Rac8 23. g4 f5 24. gxf5 exf5 25. e5 d5 26. Nb2 Ba3 27. Rfd1 Bxb2 28.
Qxb2 dxc4 29. d5 Nxe5 30. fxe5 Qxe5 31. Bd4 Qf4 32. dxc6 Ne6 33. Nd5 Qh4 34. Nf6+ Kf7 35. Nxe8 Rxe8 36. Bxb6 Bc8 37. Rxc4 Nf4 38. Qc2 Re1+ 39.
Rxe1 Qxe1+ 40. Bg1 Ne2 41. Bd5+ Kf8 42. Rg4 fxg4 43. Qc5+ Kg7 44. Qe7+ Kh6 45. Qe3+ Kg7 46. Qe7+ Kh6 47. Qe3+ Kg7 48. Bc4 Qxg1+ 49. Qxg1 Nxg1 50. Kxg1 Kf6 51. a3 Ke5 52. b4 axb4 53. axb4 Kd6 54.
b5 h5 55. Kf2 h4 56. Bd3 g5 57. Bg6 Kc5 58. Be8 Kb6 59. Ke3 Kc7 60. Kf2 Be6 61. Bh5 Kb6 62. Ke3 Kxb5 63. c7 Kb6 64. Kd4 Kxc7 65.
Ke5 Bc8 66. Kf6 g3 67. hxg3 hxg3 0-1

[Event "*** Titled Tuesday Blitz"]
[Site "Chess.com"]
[Date "2019.05.07"]
[Round "8"]
[White "Jenia84"]
[Black "slowdumbb"]
[Result "1-0"]
[WhiteElo "2253"]
[BlackElo "2392"]
[TimeControl "180+2"]
[EndTime "14:55:42 PDT"]
[Termination "Jenia84 won by resignation"]

1. e4 c5 2. Nf3 Nc6 3. d4 cxd4 4. Nxd4 e5 5. Nb5 a6 6. Nd6+ Bxd6 7. Qxd6 Qe7 8. Qd3 Nf6 9. c3 O-O 10. Be2 Rd8 11. Bg5 h6 12. Bxf6 Qxf6 13. Nd2 d6 14.
O-O Be6 15. c4 Rac8 16. b3 b5 17. Rac1 Nd4 18. Qe3 b4 19. Rfd1 a5 20. Nf3 Nxe2+ 21. Qxe2 Bg4 22. Rd5 Rc5 23. Rcd1 Rxd5 24. Rxd5 Ra8 25.
h3 Bh5 26. Qd3 Ra6 27. c5 dxc5 28. Nxe5 Re6 29. Qg3 Qe7 30. Rd7 Qf6 31. f4 Rd6 32. Rxd6 Qxd6 33. Qe3 Bd1 34. Nc4 Qc7 35. e5 a4 36. Qd3 Bh5 37. bxa4 Kf8 38. a5 Bg6 39. Qd2 Bf5 40. a6 Be6 41. Qd3 Ke8 42. Nd6+ Ke7 43. Qb5 Bd7 44. Qb7 Qa5 45. a7 Qa3 46. Nc8+ Ke6 47.
a8=Q Qe3+ 48. Kh2 Qxf4+ 49. Kh1 Qc1+ 50. Kh2 Qf4+ 51. Kg1 Qe3+ 52. Kf1 Qc1+ 53. Ke2 Qc2+ 54.
Ke3 Qc3+ 55. Ke2 Qc4+ 56. Kf3 Qd3+ 57. Kf2 Qd4+ 58. Kg3 Qxe5+ 59. Kf2 Qd4+ 60. Kf3 Qc3+ 61. Ke2 Qc2+ 62. Ke1 Qc1+ 63. Kf2 Qb2+ 64. Kg1 Qc1+ 65. Kh2 Qf4+ 66. g3 Qc4 67. Qe4+ Qxe4 68. Qxe4+ 1-0

[Event "*** Titled Tuesday Blitz"]
[Site "Chess.com"]
[Date "2019.05.07"]
[Round "8"]
[White "Walter_White_Poland"]
[Black "norwaytoadog"]
[Result "1/2-1/2"]
[WhiteElo "2285"]
[BlackElo "2250"]
[TimeControl "180+2"]
[EndTime "14:55:45 PDT"]
[Termination "Game drawn by agreement"]

1. e4 e5 2. Nf3 Nc6 3. Bb5 a6 4. Ba4 Nf6 5. O-O Be7 6. Re1 b5 7. Bb3 d6 8. c3 O-O 9. h3 Bb7 10. d4 Re8 11. a4 h6 12. Nbd2 Bf8 13. Bc2 exd4 14. cxd4 Nb4 15. Bb1 c5 16. d5 c4 17.
Ra3 Nd7 18. Nd4 Nc5 19. axb5 axb5 20. Nxb5 Rxa3 21. Nxa3 Nbd3 22. Re3 Qh4 23. g3 Qxh3 24. Naxc4 Nxf2 25. Kxf2 Qh2+ 26. Ke1 Qg1+ 27. Nf1 Ba6 28. b3 Rb8 29. Bc2 Be7 30. Qf3 Bg5 31. Qf2 Qh1 32.
Kd1 Bxe3 33. Bxe3 Nxb3 34. Bxb3 Rxb3 35. Nd2 Ra3 36. Kc2 Ra2+ 37. Kb3 Ra1 38. Kb2 Rxf1 39. Nxf1 Bxf1 40. Qf4 Bd3 41. Qxd6 Qb1+ 42. Kc3 Qc2+ 43. Kb4 Qc4+ 44. Ka3 Bc2 45. Qb8+ Kh7 46. Qb4 Qa6+ 47. Kb2 Qd3 48. Qd4 Qxd4+ 49. Bxd4 Bxe4 50. d6 Bc6 51. Kc3 Kg6 52. Kd2 f5 53. Ke2 Kf7 54. Kf2 g5 55.
Ke3 Ke6 56. Bg7 h5 57. Bf8 Kd7 58. Be7 g4 59. Kf4 Be4 60. Bf8 Ke6 61. Be7 Bd3 62. Bf8 Bc2 63. Kg5 Kd7 64. Kxh5 Ke6 65. Kg5 Kd7 66. Kf4 Ke6 1/2-1/2

[Event "*** Titled Tuesday Blitz"]
[Site "Chess.com"]
[Date "2019.05.07"]
[Round "8"]
[White "ChessWeebs"]
[Black "Thjop"]
[Result "1/2-1/2"]
[WhiteElo "2748"]
[BlackElo "2572"]
[TimeControl "180+2"]
[EndTime "14:55:47 PDT"]
[Termination "Game drawn - insufficient material"]

1. d4 Nf6 2. Nf3 g6 3. g3 Bg7 4. Bg2 O-O 5. O-O d6 6. c4 Nc6 7. Nc3 e5 8. dxe5 dxe5 9. Qxd8 Rxd8 10. Bg5 Be6 11. Nd2 h6 12. Bxf6 Bxf6 13. Nd5 Bxd5 14. cxd5 Ne7 15. Ne4 Nxd5 16. Nc5 Rab8 17. Rfd1 c6 18.
e4 Nb6 19. Bf3 Rxd1+ 20. Rxd1 Be7 21. Nd7 Rd8 22. Nxe5 Rxd1+ 23. Bxd1 Bf6 24. Ng4 Bxb2 25. Nxh6+ Kg7 26. Ng4 c5 27. f4 c4 28. Kf2 Bd4+ 29. Ke2 Nd7 30. Ne3 b5 31. e5 f6 32. e6 Nc5 33. f5 Bxe3 34. e7 Kf7 35. fxg6+ Kxe7 36. Kxe3 Ne6 37. Ke4 Nc5+ 38. Kd4 Nd3 39. Bc2 Ne5 40.
h4 Kf8 41. h5 Kg7 42. Kc5 a6 43. Kb6 Nf3 44. Kxa6 Nd4 45. Bb1 c3 46. Ka5 f5 47.
Kb4 c2 48. Bxc2 Nxc2+ 49. Kxb5 Nd4+ 50. Kb6 Ne2 51. a4 Nxg3 52. a5 f4 53. a6 f3 54.
a7 f2 55. a8=Q f1=Q 56. Qb7+ Kh6 57. Qh7+ Kg5 58. g7 Qf6+ 59. Kc5 Qe5+ 60. Kc4 Qe2+ 61.
Qd3 Qa2+ 62. Qb3 Qe2+ 63. Qd3 Qa2+ 64. Kb4 Nxh5 65. Qe3+ Kg6 66. g8=Q+ Qxg8 67. Qg1+ Kh7 68. Qxg8+ Kxg8 1/2-1/2

[Event "*** Titled Tuesday Blitz"]
[Site "Chess.com"]
[Date "2019.05.07"]
[Round "8"]
[White "jacky72"]
[Black "cherryandmint"]
[Result "1/2-1/2"]
[WhiteElo "2641"]
[BlackElo "2692"]
[TimeControl "180+2"]
[EndTime "14:55:54 PDT"]
[Termination "Game drawn - insufficient material"]

1. d4 Nf6 2. c4 e6 3. Nf3 d5 4.
Nc3 c5 5. cxd5 Nxd5 6. e4 Nxc3 7. bxc3 cxd4 8. cxd4 Bb4+ 9. Bd2 Bxd2+ 10. Qxd2 O-O 11.
Bc4 Nd7 12. O-O b6 13. Rad1 Bb7 14. d5 exd5 15. Bxd5 Nc5 16. Qf4 Qe7 17. Bxb7 Qxb7 18. e5 Rad8 19. Ng5 h6 20. Nf3 Rd5 21. Qc4 Rfd8 22.
Rb1 Qd7 23. h3 Qa4 24. Rb4 Qa3 25. Rbb1 Qd3 26. Qh4 Qc2 27. a3 Qe4 28. Qxe4 Nxe4 29. Rfe1 Nc5 30. Re3 g5 31. Kh2 Kg7 32. Rb4 Kg6 33.
h4 Rd3 34. Rxd3 Nxd3 35. Ra4 Nxf2 36. hxg5 hxg5 37. Rxa7 Ne4 38. Rb7 g4 39. Rxb6+ Kf5 40. Nh4+ Kg5 41. Rb4 Nc3 42. g3 Rd2+ 43. Kg1 Ne2+ 44.
Kf2 Nxg3+ 45. Kxg3 Rd3+ 46. Kf2 Kxh4 47. Rf4 Kh3 48.
Rxf7 g3+ 49. Ke2 Rd5 50. Rh7+ Kg2 51. Rh5 Kg1 52. Kf3 Rd3+ 53. Ke4 Rxa3 54. e6 Kf2 55. Rf5+ Ke2 56. Rg5 Kf2 57. Rf5+ Ke2 58. Rg5 Re3+ 59. Kd5 Kf2 60. Kd6 g2 61. e7 Rd3+ 62. Kc7 Rc3+ 63. Kd8 Rd3+ 64. Kc8 Rc3+ 65. Kd7 Rd3+ 66. Ke6 Re3+ 67.
Kf7 Rf3+ 68. Ke6 Re3+ 69. Kd6 Rd3+ 70. Ke6 Re3+ 71. Kd7 g1=Q 72. Rxg1 Kxg1 73. Kd8 Kf2 74. e8=Q Rxe8+ 75. Kxe8 1/2-1/2

[Event "*** Titled Tuesday Blitz"]
[Site "Chess.com"]
[Date "2019.05.07"]
[Round "8"]
[White "Gentlejimmy7"]
[Black "gliglu"]
[Result "1/2-1/2"]
[WhiteElo "2472"]
[BlackElo "2597"]
[TimeControl "180+2"]
[EndTime "14:56:07 PDT"]
[Termination "Game drawn by repetition"]

1. d4 Nf6 2. Nf3 g6 3. Bg5 Bg7 4. Nbd2 d5 5. e3 O-O 6. Bd3 c5 7. c3 b6 8. O-O Ba6 9. Qe2 Bxd3 10. Qxd3 c4 11. Qc2 Nc6 12. h3 b5 13. e4 b4 14.
Bxf6 Bxf6 15. exd5 Qxd5 16. Ne4 Bg7 17. Rfe1 a5 18.
Qa4 Rac8 19. Rad1 h6 20. a3 bxa3 21. bxa3 Rb8 22. Ned2 Rfc8 23. Qxc4 Qxc4 24. Nxc4 Rb3 25. d5 Nd8 26. Nxa5 Rxa3 27. Nc6 Nxc6 28. dxc6 e6 29. Ne5 Rxc3 30. Rd7 Bxe5 31. Rxe5 R3xc6 32. Re3 R8c7 33. Rxc7 Rxc7 34. h4 h5 35. g3 Kg7 36. Ra3 Kf6 37.
Kg2 e5 38. Ra8 Kf5 39. Rf8 f6 40. Kf3 Rc3+ 41. Kg2 Rc2 42. Kf3 e4+ 43. Ke3 Rc3+ 44. Ke2 Rf3 45. Rf7 Kg4 46. Re7 Kf5 47. Rf7 Ra3 48. Rf8 Ra6 49. Ke3 Ra3+ 50. Ke2 Rb3 51. Rf7 Ke6 52. Rg7 Kf5 53. Rf7 Rc3 54. Rf8 Rc6 55. Ke3 Rb6 56. Rf7 Rb1 57. Ke2 Rg1 58.
Rf8 Ra1 59. Rf7 Ra6 60. Ke3 Ra3+ 61. Ke2 g5 62. hxg5 Kxg5 63. Rg7+ Kf5 64. Rh7 Kg4 65. Rf7 Kg5 66. Rg7+ Kf5 67. Rh7 Kg6 68. Rh8 f5 69. Rg8+ Kf7 70. Rh8 Kg6 71. Rg8+ Kf6 72. Rh8 Ra2+ 73.
Ke3 Ra3+ 74. Ke2 Ra2+ 75. Ke3 Ra3+ 76. Ke2 Ra2+ 1/2-1/2

[Event "*** Titled Tuesday Blitz"]
[Site "Chess.com"]
[Date "2019.05.07"]
[Round "8"]
[White "SaraciNderim"]
[Black "rasmussvane"]
[Result "1-0"]
[WhiteElo "2753"]
[BlackElo "2792"]
[TimeControl "180+2"]
[EndTime "14:56:16 PDT"]
[Termination "SaraciNderim won by resignation"]

1. d4 e6 2. c4 b6 3. Nf3 Bb7 4. g3 Bxf3 5. exf3 Bb4+ 6. Bd2 Bxd2+ 7. Qxd2 Nf6 8. Bg2 d5 9. f4 c6 10. b3 O-O 11. O-O a5 12. Nc3 Ra7 13. Rac1 Rd7 14. Rfd1 Qe7 15. Na4 Rb7 16. Bf3 Rd8 17. Kg2 Na6 18. c5 b5 19. Nb6 b4 20. a3 Nd7 21.
Nxd7 Qxd7 22. Ra1 Qc7 23. Be2 Nb8 24. axb4 Rxb4 25. Ra3 Nd7 26. Rda1 Nf6 27. Bd1 Ne4 28. Qe3 Ra8 29. f3 Nf6 30. Qc3 Rab8 31. Rxa5 h6 32. Ra7 Qd8 33. R1a6 Qc8 34. Bc2 R4b5 35. Ra2 R5b7 36. R7a6 Rb5 37. R2a3 R5b7 38. g4 Ne8 39.
Qd3 g6 40. h4 Nf6 41. Kg3 h5 42. Qe3 hxg4 43. fxg4 Ne4+ 44. Bxe4 dxe4 45. R6a4 Qd7 46. b4 Qd5 47. Rb3 Rb5 48. Rb2 Rd8 49. Ra6 Rdb8 50. Qc3 e3 51. Ra1 f5 52. Rab1 fxg4 53.
Qxe3 Qf5 54. Qe5 Kf7 55. Qc7+ Kf6 56. Qe5+ Kf7 57. Ra1 Qxe5 58. dxe5 Rxb4 59. Ra7+ Kg8 60. Rxb4 Rxb4 61. Re7 Rc4 62. Rxe6 Rxc5 63. Rxg6+ Kf7 64.
Rd6 Rc1 65. Kxg4 c5 66. Rc6 c4 67. Kf5 c3 68. Rc7+ Ke8 69. Ke6 Kd8 70. Rc4 c2 71.
f5 Rh1 72. Rxc2 Rxh4 73. f6 Rh8 74. Ra2 Kc7 75. f7 Rd8 76. Ra7+ Kb6 77. Rd7 Rh8 78.
Ke7 Kc6 79. Rd6+ Kc7 80. f8=Q Rh7+ 81. Ke6 1-0

[Event "*** Titled Tuesday Blitz"]
[Site "Chess.com"]
[Date "2019.05.07"]
[Round "8"]
[White "tteshan"]
[Black "tomozupan"]
[Result "0-1"]
[WhiteElo "2275"]
[BlackElo "2271"]
[TimeControl "180+2"]
[EndTime "14:56:16 PDT"]
[Termination "tomozupan won by resignation"]

1. d4 Nf6 2. c4 g6 3. Nc3 d5 4. cxd5 Nxd5 5. e4 Nxc3 6. bxc3 Bg7 7. Be3 c5 8. Qd2 cxd4 9. cxd4 Nc6 10. Nf3 Bg4 11. Bb5 O-O 12. O-O-O Rc8 13. Kb1 Qb6 14. Qb2 Bxf3 15. gxf3 a6 16. Bxc6 Qxc6 17. Rc1 Qa4 18.
Rxc8 Rxc8 19. Rc1 Rxc1+ 20. Kxc1 Qc4+ 21. Qc2 Qxc2+ 22. Kxc2 Kf8 23. Kc3 Ke8 24. Kc4 Kd7 25.
Kc5 e6 26. Kb6 Kc8 27. a4 Bf8 28. Bg5 Bd6 29. h3 Bc7+ 30. Kc5 Kd7 31. d5 exd5 32. Kxd5 Bb6 33. Bh4 Ba7 34. f4 b5 35. axb5 axb5 36. f3 Be3 37. Bg3 b4 38. Kc4 Bd2 39. h4 Ke6 40. Bf2 h5 41. Bc5 Bxf4 42. Bxb4 Bg3 43. Kd3 Bxh4 44. Ke3 Bg5+ 45. Kf2 Bf4 46. Kg2 Ke5 47.
Bc3+ Kd6 48. Kh3 Kc5 49. Kh4 Kc4 50. Bf6 Kd3 51. Kh3 Ke2 52. Kg2 Bd6 53. Bg5 Bc5 54. f4 Be3 55. Kg3 Kd3 56. e5 Ke4 57. Bh6 h4+ 58.
Kxh4 Bxf4 59. Bf8 Kxe5 60. Ba3 Ke4 61. Be7 f5 62. Kh3 g5 63. Kg2 g4 64. Bh4 Bd2 65. Bf2 f4 66. Bh4 f3+ 67. Kf2 Be3+ 68. Kf1 Bf4 69. Be1 g3 70. Kg1 g2 71. Bh4 Be3+ 72. Bf2 Kf4 0-1

[Event "*** Titled Tuesday Blitz"]
[Site "Chess.com"]
[Date "2019.05.07"]
[Round "8"]
[White "VFernandezB"]
[Black "nonscitis"]
[Result "1/2-1/2"]
[WhiteElo "2350"]
[BlackElo "2570"]
[TimeControl "180+2"]
[EndTime "14:56:22 PDT"]
[Termination "Game drawn by agreement"]

1. d4 Nf6 2. c4 g6 3. Nc3 Bg7 4. e4 O-O 5. Be3 d6 6. h3 c6 7.
Bd3 e5 8. d5 Nh5 9. g3 a6 10.
Be2 Nf6 11. g4 b5 12. dxc6 Nxc6 13. cxb5 axb5 14. Bxb5 Nd4 15. Nge2 Nxb5 16. Nxb5 Nxe4 17. Qd5 Qa5+ 18. Nec3 Nxc3 19. Nxc3 Qxd5 20. Nxd5 Bb7 21. Rd1 Rxa2 22. O-O Rxb2 23. Ne7+ Kh8 24. Rxd6 Re8 25. Nd5 Rb3 26. Nf6 Bxf6 27. Rxf6 Kg7 28. Rd6 h6 29.
Rc1 Rc8 30. Rxc8 Bxc8 31. Rd5 Rb1+ 32. Kh2 Bb7 33. Rxe5 Rh1+ 34. Kg3 Rg1+ 35. Kf4 g5+ 36. Kf5 Rh1 37. Bd4 Bc8+ 38. Ke4 Re1+ 39. Kd5 Rxe5+ 40. Bxe5+ Kg6 41. f4 Bb7+ 42. Kd4 Bg2 43. Ke3 Bxh3 44. Kf3 Bf1 45. f5+ Kh7 46. Bf6 Bc4 47. Kg3 Bb3 48.
Kf3 Bd1+ 49. Kg3 Kg8 50. Be7 Kg7 51. Bd6 f6 52. Be7 Kf7 53. Bd8 Bc2 54. Kf3 h5 55.
Kg3 Bd3 56. Ba5 Be2 57. gxh5 Bxh5 58. Bc3 Bd1 59. Bb2 Bc2 60. Kg4 Ke7 61. Ba1 Bd1+ 62.
Kg3 Bh5 63. Bb2 Bf7 64. Kg4 Bd5 65. Ba3+ Kf7 66. Bb2 Bb3 67. Bc3 Bd1+ 68. Kg3 Bc2 69. Kg4 Bd1+ 70. Kg3 Kg7 71. Bb2 Bc2 72. Kg4 Bd3 73.
Ba1 Be2+ 74. Kg3 Bh5 75. Bb2 Bd1 76. Ba1 Bc2 77. Kg4 Bd3 78. Bb2 Be2+ 79. Kg3 Kf7 80. Ba1 Ba6 81. Bc3 Bb7 82. Kg4 Bc6 83. Bb2 Bb5 84. Ba1 Ba4 85. Bb2 Bd1+ 86. Kg3 Bc2 87. Kg4 1/2-1/2

[Event "*** Titled Tuesday Blitz"]
[Site "Chess.com"]
[Date "2019.05.07"]
[Round "8"]
[White "VSERGUEI"]
[Black "Korchmar_Vasiliy"]
[Result "0-1"]
[WhiteElo "2641"]
[BlackElo "2819"]
[TimeControl "180+2"]
[EndTime "14:56:26 PDT"]
[Termination "Korchmar_Vasiliy won on time"]

1. d4 Nf6 2. c4 e6 3. Nc3 Bb4 4. f3 c5 5. d5 d6 6. e4 b5 7. Ne2 bxc4 8. Nf4 Bxc3+ 9. bxc3 e5 10. Ne2 Nbd7 11. g4 Nb6 12. Ng3 h5 13. g5 Ng8 14. h4 Ne7 15. a4 a5 16. Bh3 Bxh3 17.
Rxh3 Qd7 18. Rh2 f5 19. Rb2 Nbc8 20. Qe2 O-O 21. Nxh5 Ng6 22. Ng3 Nxh4 23. exf5 Nxf5 24. Qh2 Nxg3 25. Qxg3 Ne7 26. g6 Qf5 27. Rb7 Nxg6 28. Ra2 Rf7 29. Rxf7 Kxf7 30. Rb2 Re8 31. Rb7+ Re7 32.
Rb6 e4 33. f4 Qxd5 34. f5 Ne5 35. Bf4 Nd3+ 36. Kf1 Qxf5 37. Ke2 Nxf4+ 38. Kd1 Nd3 39.
Rxd6 Qf1+ 40. Kd2 Qf4+ 41. Qxf4+ Nxf4 42. Ke3 Ng2+ 43. Ke2 Nf4+ 44. Ke3 Nd3 45. Ra6 g5 46. Rxa5 g4 47. Rb5 g3 48. Rb1 Kf6 49. a5 Ke5 50. a6 Ra7 51. Rb6 g2 52. Rg6 Rxa6 53. Rg5+ Kf6 54. Rxg2 Re6 55. Ra2 Ke5 56. Rh2 Rf6 57.
Rh5+ Rf5 58. Rh8 Rf3+ 59. Kd2 Rf2+ 60. Ke3 Rf3+ 61. Kd2 Rg3 62. Re8+ Kd5 63. Rd8+ Kc6 64. Rc8+ Kd7 65. Rf8 e3+ 66. Ke2 Nc1+ 67. Ke1 e2 68. Kd2 Rd3+ 69. Kc2 e1=Q 70. Kb1 Nb3+ 71. Kb2 Qa1+ 0-1

[Event "*** Titled Tuesday Blitz"]
[Site "Chess.com"]
[Date "2019.05.07"]
[Round "8"]
[White "Gubajdullin"]
[Black "ChessQueen"]
[Result "1/2-1/2"]
[WhiteElo "2551"]
[BlackElo "2641"]
[TimeControl "180+2"]
[EndTime "14:56:36 PDT"]
[Termination "Game drawn by stalemate"]

1. d4 Nf6 2. Bf4 g6 3. e3 Bg7 4.
Nf3 d6 5. Be2 Nbd7 6. O-O O-O 7. h3 c5 8. c3 Rb8 9. a4 b6 10. Na3 a6 11. Qb3 Bb7 12. Rfd1 Qc8 13. d5 Ne4 14. c4 f5 15. Qc2 h6 16. Bh2 Qe8 17. Nb1 Ndf6 18. Nbd2 b5 19. axb5 axb5 20. b3 bxc4 21. bxc4 g5 22. Ra7 Bc8 23. Nf1 g4 24. Nh4 gxh3 25. gxh3 f4 26. Bxf4 Bxh3 27. Ng3 Nxg3 28.
Bxg3 Nd7 29. Bd3 Ne5 30. Bh7+ Kh8 31. Bxe5 Bxe5 32. Ng6+ Kxh7 33. Nxf8+ Kg7 34. Qh7+ Kxf8 35. Qxh6+ Bg7 36. Qxh3 Qg6+ 37. Qg2 Qc2 38. Qf3+ Kg8 39. Kg2 Rf8 40. Qg3 Qxd1 41. Rxe7 Qa1 42. Qxd6 Qf6 43. Qxf6 Rxf6 44. Rc7 Bf8 45. f4 Ra6 46. e4 Ra4 47. e5 Rxc4 48. Kf3 Rd4 49. d6 c4 50. Kg4 Bxd6 51.
exd6 Rxd6 52. Rxc4 Kf7 53. Kg5 Ra6 54. f5 Rb6 55.
Rc7+ Kf8 56. Rd7 Ra6 57. Rh7 Rb6 58. Rh5 Ra6 59. Rh4 Rb6 60. Ra4 Rc6 61. Ra7 Rb6 62.
Ra8+ Kf7 63. Ra7+ Kf8 64. Rd7 Ra6 65. Kf4 Rb6 66. Ke5 Ra6 67. Rh7 Rb6 68. Kf4 Ra6 69. Rd7 Rb6 70. Rd4 Ra6 71. Re4 Rb6 72. Kg5 Ra6 73. Re5 Rb6 74. Re6 Rxe6 75. fxe6 Ke7 76. Kf5 Ke8 77. Ke5 Ke7 78. Kd5 Ke8 79. Kc6 Ke7 80. Kd5 Ke8 81. Kd6 Kd8 82. Ke5 Ke7 83. Kf5 Ke8 84. Kf6 Kf8 85. Kg6 Ke7 86. Kf5 Ke8 87.
Ke4 Ke7 88. Ke5 Ke8 89. Kd5 Ke7 90. Ke5 Ke8 91. Kf6 Kf8 92. e7+ Ke8 93. Ke6 1/2-1/2

[Event "*** Titled Tuesday Blitz"]
[Site "Chess.com"]
[Date "2019.05.07"]
[Round "8"]
[White "Yaacovn"]
[Black "TregubovP"]
[Result "1/2-1/2"]
[WhiteElo "2777"]
[BlackElo "2546"]
[TimeControl "180+2"]
[EndTime "14:56:41 PDT"]
[Termination "Game drawn by agreement"]

1. d4 Nf6 2. Nf3 e6 3. c4 Bb4+ 4. Bd2 Qe7 5. g3 Bxd2+ 6. Qxd2 Nc6 7. Bg2 Ne4 8. Qc2 Qb4+ 9. Kf1 d5 10. cxd5 exd5 11.
Nc3 Nxc3 12. Qxc3 Qxc3 13. bxc3 Bf5 14. Nh4 Be6 15. Ke1 O-O-O 16. Kd2 Na5 17. Nf3 f6 18. h4 Rhe8 19. e3 Kb8 20. Kc1 Nc4 21. Nd2 Nd6 22.
a4 Rc8 23. Nb3 b6 24. a5 Ne4 25. Bxe4 dxe4 26. Nd2 c5 27. Kb2 cxd4 28. cxd4 Bd5 29. axb6 axb6 30. Nb1 Rc4 31. Nd2 Rb4+ 32. Ka3 Rb5 33.
Rhb1 Rxb1 34. Nxb1 Kb7 35. Nc3 Bc4 36. Kb4 Bd3 37. Nb5 Bxb5 38. Kxb5 Rc8 39. Ra6 Rc2 40. Rxb6+ Kc7 41. Re6 Rxf2 42. Rxe4 Kd6 43. Kc4 h5 44. g4 hxg4 45. Rxg4 Rh2 46. e4 Ke6 47. Kd3 Rh3+ 48.
Ke2 Kf7 49. Rf4 Ke6 50. Kd2 Ke7 51. Ke2 Ke6 52. Kf2 Ke7 53. Kg2 Rd3 54. d5 Kf7 55.
Kf2 Ke7 56. Ke2 Rh3 57. Rg4 Kf7 58. Kf2 Kf8 59. Kg2 Rd3 60. h5 Kf7 61. Rh4 Kf8 62.
Kf2 Kf7 63. Ke2 Rg3 64. Rf4 Rh3 65. Rf5 Ke7 66. Kd2 Kd6 67. Ke2 Kc5 68. Kf2 Kd6 69. Kg2 Re3 70. Rf4 Ke5 71. Rg4 Rd3 72. Kf2 Rh3 73.
Rxg7 Rxh5 74. Re7+ Kd4 75. d6 Rh8 76. d7 Rd8 77.
Kf3 Kc5 78. Rf7 Kd6 79. Kf4 Ke6 80. Rh7 Rxd7 81. Rh1 Rd2 82. Ra1 Rf2+ 83. Ke3 Rh2 84. Ra6+ Ke5 85. Ra5+ Ke6 86. Ra6+ Ke5 87. Ra5+ Ke6 88.
Kd4 Rd2+ 89. Ke3 Rb2 90. Ra8 Rb1 91. Ra6+ Ke5 1/2-1/2

[Event "*** Titled Tuesday Blitz"]
[Site "Chess.com"]
[Date "2019.05.07"]
[Round "8"]
[White "GMsKoRPioN"]
[Black "adriangschnitzer"]
[Result "0-1"]
[WhiteElo "2582"]
[BlackElo "2440"]
[TimeControl "180+2"]
[EndTime "14:56:41 PDT"]
[Termination "adriangschnitzer won by resignation"]

1. d4 Nf6 2. c4 c5 3. d5 b5 4. cxb5 a6 5. b6 e6 6. Nc3 Nxd5 7. Nxd5 exd5 8. Qxd5 Nc6 9. e4 Be7 10. Bc4 O-O 11.
Nf3 Rb8 12. O-O Rxb6 13. Bd2 Bb7 14. Bc3 Nd4 15. Qh5 Rh6 16. Qg4 Rg6 17. Qf4 Bd6 18.
Qe3 Nxf3+ 19. Qxf3 Qh4 20. g3 Bxe4 21. Qe3 Bc6 22.
f4 Qh3 23. Rf2 h5 24. Bf1 Qg4 25. Be2 Qh3 26. Bf1 Qg4 27. Bg2 Bxg2 28. Kxg2 h4 29. Qf3 h3+ 30. Kg1 Qf5 31. Rd1 Bb8 32. Qd5 Qg4 33. Qf3 Qf5 34. Qd3 Qg4 35. Qe2 Qxe2 36.
Rxe2 Bxf4 37. Rxd7 Rc8 38. Kf1 Bh6 39. Ree7 f6 40. Rc7 Rxc7 41. Rxc7 Rg5 42. Ke2 Rxg3 43. Rxc5 Rg2+ 44. Kf3 Rxh2 45. Kg3 Rh1 46. Rh5 h2 47. Kg2 Ra1 48. Kxh2 Rxa2 49. Rd5 Kf7 50. Rd7+ Ke6 51. Rb7 Bc1 52. Kg3 a5 53. Kf3 a4 54. Ke4 a3 55.
Rb6+ Kf7 56. bxa3 Rxa3 57. Bd4 Ra4 58. Kd5 Bf4 59. Rb7+ Kg6 60. Rb1 Be5 61. Be3 Ra5+ 62.
Ke4 f5+ 63. Kf3 Ra3 64. Rb6+ Kf7 65. Ke2 f4 66. Bf2 Ra2+ 67. Kf3 Rxf2+ 68. Ke4 Re2+ 69. Kf5 f3 70. Rb7+ Ke8 71. Rb3 f2 72. Rf3 Bd4 73. Kg4 Re1 74. Kh3 f1=Q+ 75. Rxf1 Rxf1 0-1

[Event "*** Titled Tuesday Blitz"]
[Site "Chess.com"]
[Date "2019.05.07"]
[Round "8"]
[White "bugsbunny444"]
[Black "r31415"]
[Result "1-0"]
[WhiteElo "2557"]
[BlackElo "2374"]
[TimeControl "180+2"]
[EndTime "14:56:44 PDT"]
[Termination "bugsbunny444 won by checkmate"]

1. Nf3 Nf6 2. c4 e6 3. g3 b6 4. Bg2 Bb7 5. O-O c5 6. b3 Be7 7.
Bb2 O-O 8. Nc3 d6 9. e3 Nbd7 10. d4 cxd4 11. Nxd4 Bxg2 12. Kxg2 Qc7 13. f4 a6 14. Qf3 Rac8 15. Rad1 Rfd8 16. Rd2 Nc5 17. Rfd1 Qb7 18. Qxb7 Nxb7 19. Kf3 d5 20. cxd5 Nxd5 21.
Nf5 Nxc3 22. Nxe7+ Kf8 23. Rxd8+ Nxd8 24. Nxc8 Nxd1 25. Ba3+ Ke8 26. Nxb6 Nc3 27. Bb2 Nxa2 28. Bxg7 Nc1 29. b4 Nc6 30. Kg4 f5+ 31. Kg5 Kf7 32.
Kh6 Kg8 33. Nd7 Nd3 34. Nf6+ Kf7 35. Nxh7 Ncxb4 36. Ng5+ Ke7 37. Kg6 Nf2 38. h4 Ng4 39. h5 Nd5 40. h6 Nxh6 41. Kxh6 Nxe3 42. Bc3 Nd5 43. Ba5 Ne3 44. Kh5 Nf1 45. Kh4 Ne3 46. Kh3 Ng4 47. Kg2 Ne3+ 48. Kf3 Ng4 49.
Bc3 Kd6 50. Nf7+ Kd5 51. Ne5 Nh6 52. Ba5 Ng8 53. Bd8 Nh6 54. Ke3 Ng8 55. Kd3 Kc5 56.
Kc3 Kb5 57. Kd4 a5 58. Nd3 Nh6 59. Ke5 Nf7+ 60. Kxe6 Nxd8+ 61. Kxf5 Kc4 62. Ne5+ Kc3 63. g4 a4 64. g5 a3 65. g6 a2 66. g7 a1=Q 67.
g8=Q Qb1+ 68. Kf6 Qb6+ 69. Kf5 Qb1+ 70. Kf6 Qb6+ 71. Ke7 Qc7+ 72. Kf6 Qd6+ 73. Kf5 Kc2 74. Qc4+ Kb2 75. Nd3+ Ka1 76. Qc3+ Ka2 77. Qb2# 1-0

[Event "*** Titled Tuesday Blitz"]
[Site "Chess.com"]
[Date "2019.05.07"]
[Round "8"]
[White "Msb2"]
[Black "champ2005"]
[Result "1/2-1/2"]
[WhiteElo "2964"]
[BlackElo "2899"]
[TimeControl "180+2"]
[EndTime "14:56:56 PDT"]
[Termination "Game drawn - insufficient material"]

1. d4 Nf6 2. c4 g6 3. Nc3 Bg7 4. e4 d6 5. Be2 O-O 6. Be3 Na6 7. Nf3 c5 8. d5 Nc7 9. O-O Bd7 10. a4 b6 11. h3 Nfe8 12. Qd2 a6 13. Rfe1 Rb8 14.
Bh6 f6 15. Bxg7 Nxg7 16. Rab1 b5 17. axb5 axb5 18. cxb5 Nxb5 19. Bxb5 Bxb5 20. b4 cxb4 21. Rxb4 Bd7 22. Reb1 Qc7 23. Nd4 Rxb4 24. Rxb4 Rb8 25. Qb2 Rxb4 26. Qxb4 Nh5 27. Nce2 Nf4 28. Qd2 Nxe2+ 29.
Nxe2 Qc4 30. Nd4 Kf7 31. h4 h5 32. f3 Kg7 33. Kf2 e6 34. dxe6 Bxe6 35. Qb2 Bf7 36. Ne2 Qc5+ 37. Qd4 Qxd4+ 38. Nxd4 d5 39. Ke3 dxe4 40.
fxe4 Kf8 41. Kf4 Ke7 42. e5 fxe5+ 43. Kxe5 Be8 44. g3 Bd7 45. Ne2 Bf5 46. Nf4 Bb1 47. Nd5+ Kf7 48. Nb4 Ke7 49. Nc6+ Kf7 50. Nd8+ Ke7 51.
Ne6 Bf5 52. Nc5 Bc2 53. Kf4 Kf6 54. Nd7+ Ke7 55. Nb6 Kf6 56. Nd5+ Ke6 57. Ne3 Bd3 58. Kg5 Kf7 59. Nd5 Kg7 60. Nb4 Bb1 61. Nc6 Bc2 62. Ne5 Bb1 63. Nd7 Bc2 64. Kf4 Bf5 65. Nb6 Kf7 66. Ke5 Bb1 67. Nc4 Bc2 68. Nd2 Ke7 69.
Nf3 Kf7 70. Ng5+ Ke7 71. Ne6 Bf5 72. Nf4 Bb1 73. Ng2 Bc2 74. Ne3 Bb1 75. Kf4 Kf6 76. Nd5+ Kf7 77. Kg5 Kg7 78. Nc7 Ba2 79. Ne8+ Kf7 80.
Nd6+ Kg7 81. Ne4 Bb1 82. Nc5 Ba2 83. Nd3 Bb1 84. Nf4 Bc2 85. Ne6+ Kf7 86. Nd4 Bd3 87. Nf3 Kg7 88. Ne5 Bb1 89. Nc4 Bc2 90. Ne3 Bb1 91. g4 hxg4 92. Nxg4 Bc2 93. Ne5 Bb1 94. Nxg6 Bxg6 95. h5 Bxh5 1/2-1/2